 Seeded DCSS version 0.30-a0-591-g3c58d2bc28 (webtiles) character file.

Game seed: 12094070901889506637 (custom seed)

503447 purpskrrrp the Intangible (level 25, -19/230 HPs)
             Began as a Merfolk Monk on Jan 5, 2023.
             Was the Champion of Cheibriados.
             Killed from afar by a fire giant (41 damage)
             ... with a fireball
             ... on level 3 of the Depths.
             The game lasted 01:38:48 (42618 turns).

purpskrrrp the Intangible (Merfolk Monk)           Turns: 42618, Time: 01:38:49

Health: -19/230    AC: 14    Str: 27    XL:     25   Next: 27%
Magic:  23/23      EV: 64    Int: 27    God:    Cheibriados [******]
Gold:   2338       SH:  5    Dex: 50    Spells: 10/24 levels left

rFire   . . .      SeeInvis +    a - +9 great sword (heavy)
rCold   . . .      Faith    .    (shield currently unavailable)
rNeg    . . .      Spirit   .    T - +4 troll leather armour
rPois   +          Reflect  +    O - +2 helmet {SInv}
rElec   .          Harm     .    n - +2 cloak
rCorr   .          Rampage  .    G - +2 pair of gloves
Will    ++...                    M - +0 pair of boots of Hybboveure {Drain rPois Regen+ Dex+3} Stlth *+++++++++
                                 Y - amulet of reflection
HPRegen 2.18/turn                b - ring of Rugile Litu {rPois Dex+7}
MPRegen 0.18/turn                Q - ring of Meblum {rPois Will+ Slay+6 Stlth+}

@: corroded, studying Axes, very slow
A: (nimble swimmer 2), mertail, mutation resistance 1, MP-powered wands
}: 2/15 runes: decaying, serpentine
a: Renounce Religion, Bend Time, Temporal Distortion, Slouch, Step From Time


You were on level 3 of the Depths.
You worshipped Cheibriados.
Cheibriados was exalted by your worship.
You visited 8 branches of the dungeon, and saw 41 of its levels.
You visited the Abyss 1 time.
You also visited: Ossuary, Bailey, Ice Cave and Desolation.

You collected 6820 gold pieces.
You spent 4482 gold pieces at shops.

Inventory:

Hand Weapons
 a - a +9 heavy great sword (weapon)
 t - the +7 quarterstaff of Severance {freeze, rF+++ rN+++ Int-5 Stlth-}
   (You found it on level 15 of the Dungeon)

   Int:       It affects your intelligence (-5).
   rF:        It renders you almost immune to fire.
   rN:        It renders you almost immune to negative energy.
   Stlth:     It makes you less stealthy.
 y - the +7 great sword of the Shoals {protect, rN+}
   (You bought it in a shop on level 1 of the Dungeon)

   rN:        It protects you from negative energy.
Missiles
 x - 3 throwing nets (quivered)
Armour
 n - a +2 cloak (worn)
 B - +3 gold dragon scales
 G - a +2 pair of gloves (worn)
 K - the +2 hat of the Bear Spirit {Spirit, *Rage Will++}
   (You bought it in a shop on level 4 of the Vaults)

   Going berserk makes the wearer tougher, and they're slowed less afterward.
   *Rage:     It berserks you when you make melee attacks (+20% chance).
   Will:      It greatly increases your willpower.
 M - the +0 pair of boots of Hybboveure (worn) {Drain rPois Regen+ Dex+3}
   (You found it on level 1 of the Vaults)

   Dex:       It affects your dexterity (+3).
   rPois:     It protects you from poison.
   Regen:     It increases your rate of health regeneration.
   Drain:     It drains your maximum health when unequipped.
 O - a +2 helmet of see invisible (worn)
 T - a +4 troll leather armour (worn)
Jewellery
 b - the ring of Rugile Litu (left hand) {rPois Dex+7}
   (You found it on level 3 of the Elven Halls)

   [ring of poison resistance]

   Dex:       It affects your dexterity (+7).
   rPois:     It protects you from poison.
 k - a +4 ring of slaying
 w - the ring "Ekorho" {EV+5 Str+3 Dex+4 Slay+2}
   (You found it in the Desolation of Salt)

   [ring of evasion]

   EV:        It affects your evasion (+5).
   Str:       It affects your strength (+3).
   Dex:       It affects your dexterity (+4).
   Slay:      It affects your accuracy & damage with ranged weapons and melee
   (+2).
 z - the ring "Anaxtyzu" {rPois Str+9 Int+4 Dex+6}
   (You found it in the Desolation of Salt)

   [ring of dexterity]

   Str:       It affects your strength (+9).
   Int:       It affects your intelligence (+4).
   Dex:       It affects your dexterity (+6).
   rPois:     It protects you from poison.
 D - the ring of Tudghysua {rF+ MP+9 Dex+2}
   (You found it in the Desolation of Salt)

   [ring of magical power]

   Dex:       It affects your dexterity (+2).
   rF:        It protects you from fire.
   MP:        It affects your magic capacity (+9).
 Q - the ring of Meblum (right hand) {rPois Will+ Slay+6 Stlth+}
   (You acquired it on level 1 of the Swamp)

   [ring of willpower]

   Slay:      It affects your accuracy & damage with ranged weapons and melee
   (+6).
   rPois:     It protects you from poison.
   Will:      It increases your willpower.
   Stlth:     It makes you more stealthy.
 R - a +6 ring of dexterity
 Y - an amulet of reflection (around neck)
Wands
 e - a wand of acid (20)
 h - a wand of flame (154)
 H - a wand of iceblast (49)
 J - a wand of paralysis (31)
 V - a wand of digging (8)
 W - a wand of mindburst (25)
 X - a wand of polymorph (30)
Scrolls
 d - 11 scrolls of fear
 f - 17 scrolls of teleportation
 g - a scroll of summoning
 m - 23 scrolls of identify
 q - 4 scrolls of poison
 s - 6 scrolls of magic mapping
 A - 3 scrolls of blinking
 C - 7 scrolls of fog
 I - 2 scrolls of silence
 S - a scroll of enchant weapon
Potions
 c - 5 potions of ambrosia
 j - 3 potions of brilliance
 l - 23 potions of curing
 o - 2 potions of invisibility
 p - 8 potions of flight
 u - 5 potions of heal wounds
 v - 5 potions of resistance
 E - 7 potions of mutation
 F - 6 potions of might
 L - 2 potions of cancellation
 N - 7 potions of berserk rage
 U - 3 potions of magic


   Skills:
 * Level 26.2 Fighting
 + Level 26.1 Long Blades
 O Level 27 Dodging
 + Level 22.7 Stealth


You had 10 spell levels left.
You knew the following spells:

 Your Spells              Type           Power      Damage    Failure   Level
a - Fire Storm            Conj/Fire      0%         5d1       100%        9
b - Fireball              Conj/Fire      0%         3d3       98%         5

Your spell library contained the following spells:

 Spells                   Type           Power      Damage    Failure   Level
 Beastly Appendage        Tmut           0%         N/A       13%         1
 Freeze                   Ice            0%         1d3       13%         1
 Kiss of Death            Conj/Necr      0%         2d5       13%         1
 Magic Dart               Conj           0%         1d3       13%         1
 Necrotise                Necr           0%         1d4       13%         1
 Blink                    Tloc           0%         N/A       21%         2
 Call Imp                 Summ           0%         N/A       21%         2
 Cigotuvi's Dreadful Rot  Necr/Pois/Air  0%         N/A       21%         2
 Momentum Strike          Conj/Tloc      0%         3d8       21%         2
 Poisonous Vapours        Pois/Air       0%         N/A       21%         2
 Wereblood                Tmut           0%         N/A       21%         2
 Call Canine Familiar     Summ           0%         N/A       36%         3
 Confusing Touch          Hex            0%         N/A       36%         3
 Frozen Ramparts          Ice            0%         1d1       36%         3
 Gell's Gravitas          Tloc           0%         N/A       36%         3
 Hailstorm                Conj/Ice       0%         3d3       36%         3
 Inner Flame              Hex/Fire       0%         N/A       36%         3
 Kindle Blastsparks       Fire/Tloc/Air  0%         2d10      36%         3
 Lesser Beckoning         Tloc           0%         N/A       36%         3
 Mephitic Cloud           Conj/Pois/Air  0%         N/A       36%         3
 Portal Projectile        Hex/Tloc       0%         N/A       36%         3
 Spider Form              Tmut/Pois      0%         N/A       36%         3
 Teleport Other           Tloc           0%         N/A       36%         3
 Tukima's Dance           Hex            0%         N/A       36%         3
 Vampiric Draining        Necr           0%         2d6       36%         3
 Cause Fear               Hex            0%         N/A       78%         4
 Dispel Undead            Necr           0%         3d6       78%         4
 Flame Wave               Conj/Fire      0%         2d4       78%         4
 Fulminant Prism          Conj/Hex       0%         3d5       78%         4
 Ice Form                 Ice/Tmut       0%         N/A       78%         4
 Iskenderun's Mystic Bla  Conj/Tloc      0%         2d3       78%         4
 Leda's Liquefaction      Hex/Erth       0%         N/A       78%         4
 Manifold Assault         Tloc           0%         N/A       78%         4
 Olgreb's Toxic Radiance  Pois           0%         N/A       78%         4
 Summon Lightning Spire   Summ/Air       0%         N/A       78%         4
 Agony                    Necr           0%         N/A       98%         5
 Alistair's Intoxication  Tmut/Pois      0%         N/A       98%         5
 Blade Hands              Tmut           0%         N/A       98%         5
 Borgnjor's Vile Clutch   Necr/Erth      0%         N/A       98%         5
 Lee's Rapid Deconstruct  Erth           0%         3d4*      98%         5
 Summon Forest            Summ/Tloc      0%         N/A       98%         5
 Dispersal                Tloc           0%         N/A       100%        6
 Eringya's Noxious Bog    Tmut/Pois      0%         N/A       100%        6
 Starburst                Conj/Fire      0%         6d3       100%        6
 Enfeeble                 Hex            0%         N/A       100%        7
 Ozocubu's Refrigeration  Ice            0%         4d7       100%        7
 Spellforged Servitor     Conj/Summ      0%         N/A       100%        7
 Storm Form               Tmut/Air       0%         N/A       100%        7
 Summon Hydra             Summ           0%         N/A       100%        7
 Discord                  Hex            0%         N/A       100%        8
 Disjunction              Tloc           0%         N/A       100%        8
 Ignition                 Fire           0%         3d3       100%        8
 Maxwell's Capacitive Co  Air            0%         ∞         100%        8


Dungeon Overview and Level Annotations

Branches:
Dungeon (15/15)            Temple (0/1) D:5            Lair (5/5) D:10
  Swamp (4/4) Lair:3        Snake (4/4) Lair:3        Slime (0/5) Lair:4
    Orc (2/2) D:11            Elf (3/3) Orc:2        Vaults (5/5) D:14
  Crypt (0/3) Vaults:2     Depths (3/4) D:15        Ossuary (visited)
 Bailey (visited)           IceCv (visited)         Desolation (visited)

Altars:
Ashenzari
Cheibriados
Dithmenos
Fedhas
Gozag
Hepliaklqana
Kikubaaqudgha
Nemelex Xobeh
Ru
Trog
Vehumet
Wu Jian
Xom
Yredelemnul
Jiyva

Shops:
D:1 (   D:3 [   Orc:2 (=[*   Elf:1 *   Elf:2 :   Vaults:2 *   Vaults:4 [*
Depths:1 *   Depths:2 *

Portals:
Hell: Depths:2
Pandemonium: Depths:2
Ziggurat: Depths:2
Trove: D:13 (give horn of Geryon)

Annotations:
Vaults:5 Saint Roka


Innate Abilities, Weirdness & Mutations

((You are very nimble when in or above water. (Stealth+, EV+, Speed+++)))
Your lower body shifts to a powerful aquatic tail in water.
You are somewhat resistant to further mutation.
You expend magic power (3 MP) to strengthen your wands.


Message History

You block the caustic shrike's attack. The spriggan rider closely misses you.
You slice the caustic shrike!!
The caustic shrike is almost dead.
A caustic shrike comes into view.
You block the caustic shrike's attack.
The caustic shrike claws you but does no damage. x2
The caustic shrike completely misses you.
The spriggan rider completely misses you.
The caustic shrike moves out of view.
You closely miss the caustic shrike.
The caustic shrike is almost dead.
The caustic shrike completely misses you. x3
You block the caustic shrike's attack.
The caustic shrike claws you but does no damage.
You block the caustic shrike's attack. x2
The spriggan rider hits you but does no damage.
You slice the caustic shrike like a ripe choko!!!
You kill the caustic shrike!
Cheibriados thoroughly appreciates the change of pace.
The caustic shrike completely misses you. x2
The caustic shrike closely misses you. The caustic shrike claws you!
* * * LOW HITPOINT WARNING * * *
You are splashed with acid!
* * * LOW HITPOINT WARNING * * *
The caustic shrike claws you!
* * * LOW HITPOINT WARNING * * *
The acid corrodes you!
You are splashed with acid!
* * * LOW HITPOINT WARNING * * *
The caustic shrike completely misses you.
The spriggan rider completely misses you.
Okay, then.
Blink to where?
Press: ? - help, Dir - move target A lich and a fire giant come into view.
The fire giant is wielding a +2 great sword of flaming.
As you read the scroll of blinking, it crumbles to dust.
The fire giant shouts!
The lich shouts!
The fire giant casts a spell at you.
The fireball explodes!
The fireball engulfs you!!!
You die...

###..##... .#...#.... i...##....
. ##)/..#..... .L#
###§)..##...#.
....#######.bb..####.##.
#.....C...b..b###.......
###.........#########... #..
.#####@#####.......#..[ #... #..
#...#....###...... ...<
#.######.#...##.####### .....
##......#.###.....[[#...
....#####....##.#...###..)[.##.[
.......().....#.....>#...))).#..
...##...###.(###.....##.#..)....
#......##.#.#.#......#....#..
#...####......#......#....###


You could see 4 caustic shrikes, a fire giant and a lich.

Vanquished Creatures
  A dread lich (Vaults:4)
  Boris (Vaults:4)
  Sojobo (Vaults:2)
  The ghost of Ixoes the Tortoise, a veteran DgFi (Vaults:2)
  4 caustic shrikes (Depths:3)
  Nikola (Elf:1)
  Vashnia (Snake:4)
  The ghost of Ruyty the Fighter, an adept DsGl of Nemelex Xobeh (Vaults:1)
  The ghost of Cecillian the Marksant, an adept FoHu of Cheibriados (Swamp:3)
  Asterion (Vaults:2)
  2 titans (Depths:2)
  5 deep elf blademasters
  The ghost of Olleb the Slicer, an adept GnWn of Okawaru (Elf:3)
  An acid blob (Elf:1)
  3 sphinxes
  2 deep elf master archers (Elf:3)
  Frances (D:14)
  Agnes (D:14)
  A tentacled starspawn (Abyss:3)
  Gastronok (D:8)
  7 tengu reavers
  2 thorn hunters
  The ghost of Belucowal the Severer, an adept DgFi (Elf:1)
  Kirke (D:13)
  A storm dragon (Vaults:5)
  6 nagarajas (Snake:4)
  A rockslime (Elf:1)
  An azure jelly (Elf:1)
  Donald (Orc:2)
  A fenstrider witch (Swamp:1)
  2 frost giants (Depths:3)
  14 vault wardens
  4 deep elf sorcerers (Elf:3)
  Aizul (Vaults:3)
  A fire giant (Depths:3)
  The ghost of Atlas the Eclecticist, an adept DsFE of Vehumet (Elf:3)
  2 iron dragons
  6 deep elf elementalists
  A ghoul (Vaults:2)
  An imperial myrmidon (Desolation)
  4 orc warlords
  The ghost of Wator the Zephyrmancer, a journeyman OpTm of Ashenzari (Elf:3)
  16 ironbound preservers
  A quicksilver ooze (Elf:1)
  10 stone giants
  The ghost of Ziureph the Basher, a journeyman TrFi of Ashenzari (Elf:3)
  15 very ugly things
  7 spriggan defenders
  A caustic shrike skeleton (Depths:2)
  6 ironbound thunderhulks
  2 deep elf demonologists (Elf:3)
  A lorocyproca (Abyss:3)
  12 dire elephants
  7 eleionomae
  The ghost of Huipt the Bewitcher, a journeyman DEFE of Sif Muna (D:15)
  3 deep elf annihilators (Elf:3)
  5 bunyips
  The ghost of Hiex the Fighter, a journeyman OpFi of Gozag (D:14)
  A halazid warlock (Desolation)
  2 spark wasps (Depths:3)
  Snorg (Orc:2)
  A deep elf death mage (Elf:3)
  2 eidola
  9 ettins
  3 crystal guardians
  2 shambling mangroves (Swamp:4)
  4 great orbs of eyes
  4 fire dragons
  5 entropy weavers
  5 yaktaur captains
  4 ragged hierophants (Desolation)
  9 deep elf high priests
  7 servants of whispers (Desolation)
  8 peacekeepers
  3 rakshasas
  18 hydras
  2 salamander tyrants
  The ghost of Squincus the Severer, a journeyman HORe of Okawaru (Orc:2)
  2 ogre magi
  44 vault guards
  A death knight (D:15)
  4 ice dragons
  The ghost of purpskrrrp the Cleaver, a journeyman DsFi of Makhleb (D:12)
  11 ironbound frosthearts
  A catoblepas (Lair:3)
  13 anacondas
  A ghost crab (Swamp:4)
  A centaur warrior (D:13)
  4 spriggan air magi
  5 boulder beetles
  5 deep troll earth magi
  A two-headed ogre (shapeshifter) (Vaults:2)
  7 alligators
  4 deep troll shamans
  89 dancing weapons
  4 satyrs (Depths:2)
  14 naga warriors
  6 orc high priests
  A vampire mage (Depths:2)
  Urug (Lair:4)
  4 two-headed ogres
  9 tengu warriors
  10 naga sharpshooters
  2 large abominations (Abyss:3)
  14 deep elf knights
  8 spriggan berserkers
  6 shock serpents
  Amaemon (Lair:2)
  4 hell knights (Depths:3)
  4 salamander mystics (Snake:4)
  An iron troll (Depths:2)
  A death drake (Swamp:4)
  A golden dragon zombie (Depths:2)
  4 wretched stars (Abyss:3)
  5 skeletal warriors
  2 spriggan druids
  7 goliath frogs
  A sixfirhy (Abyss:3)
  9 bog bodies
  9 swamp dragons
  7 wizards
  19 ironbound convokers
  A flayed ghost (Abyss:3)
  A glowing orange brain (Vaults:4)
  5 naga ritualists
  6 lindwurms
  46 deep trolls
  An orange crystal statue (IceCv)
  A golden dragon skeleton (Depths:2)
  8 harpies
  15 orc knights
  A spriggan simulacrum (Elf:2)
  27 deep elf zephyrmancers
  12 deep elf archers
  2 phantasmal warriors
  A harpy (shapeshifter) (D:15)
  10 necromancers
  An obsidian statue (Vaults:2)
  6 orc sorcerers
  Pikel (D:8)
  11 salamanders
  24 deep elf pyromancers
  A tengu skeleton (Depths:2)
  A sphinx zombie (Vaults:4)
  19 mana vipers
  A wolf spider zombie (D:12)
  A sphinx skeleton (Depths:2)
  2 frost giant zombies
  4 manticores
  26 elephants
  29 ugly things
  2 fauns (Depths:2)
  2 will-o-the-wisps (Swamp:4)
  2 moths of wrath (Vaults:1)
  6 cyclopes
  A cyclops (shapeshifter) (Depths:2)
  10 guardian serpents
  A stone giant skeleton (Vaults:4)
  A spectral centaur (D:12)
  A worldbinder (Abyss:3)
  An eye of devastation (Elf:1)
  Maggie (D:8)
  10 vault sentinels
  33 black mambas
  13 naga magi
  2 rust devils (Depths:2)
  2 gargoyles
  5 cane toads
  2 orange demons
  A hellion (Depths:2)
  6 rime drakes
  6 komodo dragons
  A spriggan zombie (Depths:2)
  A yaktaur (shapeshifter) (Elf:2)
  An anaconda simulacrum (Elf:2)
  3 kobold demonologists
  An efreet (D:15)
  4 freezing wraiths
  12 yaktaurs
  A golden dragon simulacrum (IceCv)
  4 tengu conjurers (Depths:2)
  2 ice devils (D:15)
  7 polar bears
  3 wolf spider simulacra (D:15)
  A bloated husk (Swamp:2)
  7 tyrant leeches
  2 wind drakes (shapeshifter)
  5 trolls
  Grinder (D:6)
  44 saltlings
  21 hornets
  Prince Ribbit (Bailey)
  An iron dragon simulacrum (Depths:2)
  4 raiju (Abyss:3)
  A tarantella (Vaults:4)
  9 dream sheep (Lair:5)
  12 blink frogs
  A spectral meliai (D:12)
  A jumping spider (shapeshifter) (Elf:2)
  Sigmund (D:2)
  A vampire (D:11)
  6 centaur simulacra
  19 slime creatures
  24 spriggans
  5 shadows
  5 air elementals
  A culicivora (Vaults:3)
  8 water elementals
  2 wraiths
  16 wyverns
  2 yaks (shapeshifter)
  27 humans
  A fire elemental (Elf:2)
  3 dire elephant simulacra
  15 yaks
  17 basilisks
  6 redbacks
  A steam dragon (D:7)
  A chaos spawn (Depths:2)
  7 vampire mosquitoes
  2 human zombies (Vaults:4)
  51 nagas
  15 swamp worms
  A warg (Orc:2)
  A hydra simulacrum (IceCv)
  2 acid dragons
  A hell hound (D:14)
  A human skeleton (Vaults:4)
  10 swamp drakes
  60 orc warriors
  21 water moccasins
  An ice beast (D:7)
  9 black bears
  6 alligator simulacra
  An ettin simulacrum (IceCv)
  9 boggarts
  8 ogres
  15 wolves (Lair:5)
  A wolf (shapeshifter) (Vaults:4)
  2 lemures (D:8)
  5 centaurs
  A phantom (D:7)
  4 kobold brigands
  An elf zombie (Ossuary)
  A gnoll sergeant (D:10)
  25 bullfrogs
  A necrophage (D:6)
  Blork the orc (D:4)
  2 earth elementals
  2 deep troll simulacra (Elf:2)
  2 scorpions (D:5)
  A glowing shapeshifter simulacrum (Depths:2)
  13 wights
  2 troll zombies (Ossuary)
  6 killer bees (D:10)
  4 small abominations (Abyss:3)
  6 electric eels
  2 howler monkeys
  2 vampire bats (D:13)
  5 centaur zombies
  2 hounds (D:6)
  28 orc priests
  6 jellies
  2 gnoll boudas
  Jessica (D:2)
  An iguana (D:5)
  35 orc wizards
  A boggart zombie (D:12)
  6 hell rats (D:14)
  An ogre zombie (Ossuary)
  A boggart simulacrum (D:15)
  7 mummies (Ossuary)
  Robin (D:2)
  8 adders
  14 gnolls
  2 shadow imps
  3 white imps
  4 adder zombies (Ossuary)
  2 worms
  3 dart slugs
  102 orcs
  6 bats
  2 bat skeletons (D:13)
  3 bat zombies (D:13)
  5 endoplasms
  A giant cockroach (D:2)
  19 goblins
  11 hobgoblins
  10 jackals
  4 quokkas
  5 ball pythons
  4 frilled lizards
  A gnoll zombie (Ossuary)
  2 goblin zombies (Ossuary)
  4 hobgoblin zombies (Ossuary)
  21 kobolds
  6 kobold zombies (Ossuary)
  3 quokka zombies (Ossuary)
  5 rats
  4 rat zombies (Ossuary)
  A lurking horror (Abyss:3)
  A starspawn tentacle (Abyss:3)
1961 creatures vanquished.

Vanquished Creatures (collateral kills)
  A golden dragon (Vaults:5)
  the Enchantress (Depths:2)
  A spriggan berserker (Depths:2)
  A spriggan (Depths:2)
  A salamander (Snake:4)
  A naga mage (Snake:4)
  A tengu conjurer (Depths:2)
  A hornet (Depths:2)
8 creatures vanquished.

Vanquished Creatures (others)
  The ghost of Onuviolink the Earth Mage, a journeyman DEEE of Vehumet (Elf:3)
  A deep elf zephyrmancer (Elf:1)
  A faun (Depths:2)
  An ugly thing (Vaults:2)
  A bloated husk (Swamp:2)
  A naga (Snake:4)
  A small abomination (Elf:3)
  2 orc wizards
  An ufetubus (Abyss:3)
  A kobold (D:10)
  3 ball lightnings (Elf:3)
  12 foxfires (Swamp:4)
  59 fungi
  149 plants
  2 starspawn tentacles (Abyss:3)
236 creatures vanquished.

Grand Total: 2205 creatures vanquished

Notes
Turn   | Place    | Note
-------+----------+-------------------------------------------
     0 | D:1      | purpskrrrp the Merfolk Monk began the quest for the Orb.
     0 | D:1      | Reached XP level 1. HP: 18/18 MP: 1/1
   158 | D:1      | Reached XP level 2. HP: 17/24 MP: 2/2
   326 | D:1      | Found a faded altar of an unknown god.
   344 | D:1      | Got Plato's Monograph on the Glacier
   347 | D:1      | Prayed at the altar of an unknown god.
   347 | D:1      | Became a worshipper of the Wu Jian Council
   347 | D:1      | Reached * piety under Wu Jian
   347 | D:1      | Reached ** piety under Wu Jian
   389 | D:1      | Found Fojatwor's Antique Weapon Boutique.
   412 | D:1      | Reached *** piety under Wu Jian
   413 | D:1      | Reached XP level 3. HP: 21/29 MP: 3/3
   920 | D:2      | Reached XP level 4. HP: 37/37 MP: 4/4
   989 | D:2      | Found a shadowy altar of Dithmenos.
  1074 | D:2      | Noticed Sigmund
  1078 | D:2      | Killed Sigmund
  1079 | D:2      | Reached skill level 5 in Long Blades
  1079 | D:2      | Reached skill level 5 in Dodging
  1079 | D:2      | Reached XP level 5. HP: 42/42 MP: 5/5
  1079 | D:2      | Reached XP level 6. HP: 48/48 MP: 6/6
  1227 | D:2      | Noticed Robin
  1239 | D:2      | Killed Robin
  1240 | D:2      | Reached skill level 6 in Dodging
  1251 | D:2      | Reached **** piety under Wu Jian
  1397 | D:2      | Noticed Jessica
  1401 | D:2      | Killed Jessica
  1742 | D:3      | Found a snail-covered altar of Cheibriados.
  1772 | D:3      | Found a bloodstained altar of Trog.
  1793 | D:3      | Found a hazy altar of Hepliaklqana.
  1847 | D:3      | Found Jecoco's Armour Boutique.
  1980 | D:3      | Found a sparkling altar of Nemelex Xobeh.
  2201 | D:1      | Bought a masterwork great sword for 287 gold pieces
  2201 | D:1      | Identified the +7 great sword of the Shoals {protect, rN+}
                  | (You bought it in a shop on level 1 of the Dungeon)
  2451 | D:4      | Reached XP level 7. HP: 55/55 MP: 7/7
  2589 | D:4      | Noticed Blork the orc
  2595 | D:4      | Killed Blork the orc
  2602 | D:4      | Reached skill level 7 in Dodging
  2700 | D:5      | Entered Level 5 of the Dungeon
  2713 | D:5      | Reached ***** piety under Wu Jian
  2882 | D:5      | Reached skill level 5 in Fighting
  2950 | D:5      | Reached XP level 8. HP: 57/62 MP: 8/8
  2979 | D:5      | Found a staircase to the Ecumenical Temple.
  3196 | D:5      | Reached skill level 8 in Dodging
  3198 | D:5      | Reached skill level 5 in Stealth
  4185 | D:6      | Noticed Grinder
  4193 | D:6      | Paralysed by Grinder for 3 turns
  4194 | D:6      | Reached skill level 9 in Dodging
  4203 | D:6      | Killed Grinder
  4204 | D:6      | Reached XP level 9. HP: 53/69 MP: 9/9
  4729 | D:7      | Found a sand-covered staircase.
  4755 | Ossuary  | Entered an ossuary
  4852 | Ossuary  | Reached skill level 10 in Dodging
  5384 | D:7      | Found a basalt altar of Yredelemnul.
  6056 | D:7      | Found the +2 ratskin cloak {*Rats rPois rN+ Str-1 Int-1
                  | Dex+1}
  6297 | D:7      | Reached skill level 10 in Long Blades
  6454 | D:8      | Reached skill level 11 in Dodging
  6461 | D:8      | Reached XP level 10. HP: 56/79 MP: 10/10
  6496 | D:8      | Reached ****** piety under Wu Jian
  6538 | D:8      | Noticed Maggie
  6548 | D:8      | Killed Maggie
  6576 | D:8      | Noticed Pikel
  6577 | D:8      | Noticed Gastronok
  6589 | D:8      | Killed Pikel
  6590 | D:8      | Reached skill level 12 in Dodging
  6601 | D:8      | Killed Gastronok
  6913 | D:8      | Reached XP level 11. HP: 72/86 MP: 11/11
  7269 | D:8      | Reached skill level 13 in Dodging
  7977 | D:10     | Entered Level 10 of the Dungeon
  8017 | D:10     | Found a staircase to the Lair.
  8024 | D:10     | Noticed a sun demon
  8048 | D:10     | Found a flagged portal.
  8068 | Bailey   | Entered a bailey
  8179 | Bailey   | Reached skill level 14 in Dodging
  8214 | Bailey   | Noticed a vault guard
  8224 | Bailey   | Killed a vault guard
  8254 | Bailey   | Noticed a vault guard
  8254 | Bailey   | Noticed Prince Ribbit
  8258 | Bailey   | Killed Prince Ribbit
  8265 | Bailey   | Killed a vault guard
  8312 | D:10     | Found a radiant altar of Vehumet.
  8355 | D:10     | Noticed a two-headed ogre
  8368 | D:10     | Killed a two-headed ogre
  8431 | D:10     | Reached XP level 12. HP: 95/95 MP: 12/12
  8671 | D:10     | Found a broken altar of Ashenzari.
  8676 | D:10     | Found a sacrificial altar of Ru.
  8935 | D:11     | Found a staircase to the Orcish Mines.
  8973 | D:11     | Noticed a two-headed ogre
  8976 | D:11     | Killed a two-headed ogre
  8980 | D:11     | Reached skill level 15 in Dodging
  9011 | D:11     | Reached skill level 10 in Stealth
  9021 | D:11     | Noticed a two-headed ogre
  9021 | D:11     | Noticed a boulder beetle
  9023 | D:11     | Killed a two-headed ogre
  9083 | D:11     | Killed a boulder beetle
  9237 | D:11     | Found a basalt altar of Yredelemnul.
  9449 | D:11     | Noticed a two-headed ogre
  9458 | D:11     | Reached skill level 10 in Fighting
  9460 | D:11     | Killed a two-headed ogre
  9557 | D:11     | Reached skill level 16 in Dodging
 10090 | D:12     | Reached skill level 15 in Long Blades
 10138 | D:12     | Reached XP level 13. HP: 103/103 MP: 13/13
 10401 | D:12     | Found a runed translucent gate.
 10402 | D:12     | Found a runed translucent gate.
 10403 | D:12     | Found a runed translucent gate.
 10406 | D:12     | Noticed purpskrrrp's ghost (journeyman DsFi)
 10715 | D:13     | Found an ancient bone altar of Kikubaaqudgha.
 10822 | D:13     | Found a portal to a secret trove of treasure.
 10883 | D:13     | Noticed Kirke
 10897 | D:13     | Killed Kirke
 11516 | D:14     | Reached skill level 17 in Dodging
 11586 | D:14     | Noticed Frances
 11618 | D:14     | Killed Frances
 12032 | D:14     | Noticed Agnes
 12038 | D:14     | Reached XP level 14. HP: 90/113 MP: 14/14
 12045 | D:14     | Killed Agnes
 12046 | D:14     | Reached skill level 18 in Dodging
 12154 | D:14     | Found a runed translucent door.
 12157 | D:14     | Noticed Hiex's ghost (journeyman OpFi)
 12395 | D:14     | Found a gate to the Vaults.
 12586 | D:15     | Entered Level 15 of the Dungeon
 12586 | D:15     | Found a blossoming altar of Fedhas.
 12717 | D:15     | Identified the +7 quarterstaff of Severance {freeze, rF+++
                  | rN+++ Int-5 Stlth-}
 12748 | D:15     | Noticed a stone giant
 12762 | D:15     | Killed a stone giant
 12793 | D:15     | Reached skill level 19 in Dodging
 12832 | D:15     | Paralysed by an orc sorcerer for 2 turns
 12882 | D:15     | Found a staircase to the Depths.
 13037 | D:15     | Gained mutation: You are clumsy. (Dex -2) [potion of
                  | mutation]
 13037 | D:15     | Gained mutation: You passively map a small area around you.
                  | [potion of mutation]
 13037 | D:15     | Gained mutation: You are robust. (+10% HP) [potion of
                  | mutation]
 13038 | D:15     | Lost mutation: You are robust. (+10% HP) [potion of
                  | mutation]
 13038 | D:15     | Lost mutation: You passively map a small area around you.
                  | [potion of mutation]
 13038 | D:15     | Lost mutation: You are clumsy. (Dex -2) [potion of
                  | mutation]
 13038 | D:15     | Gained mutation: You expend magic power (3 MP) to
                  | strengthen your wands. [potion of mutation]
 13038 | D:15     | Gained mutation: You are somewhat resistant to further
                  | mutation. [potion of mutation]
 13072 | D:15     | Found a runed translucent gate.
 13072 | D:15     | Found a runed translucent gate.
 13073 | D:15     | Found a runed translucent gate.
 13196 | D:15     | Noticed Huipt's ghost (journeyman DEFE)
 13347 | D:12     | Killed purpskrrrp's ghost
 13485 | D:14     | Killed Hiex's ghost
 13599 | Lair:1   | Entered Level 1 of the Lair of Beasts
 14548 | Lair:2   | Reached XP level 15. HP: 98/121 MP: 15/15
 14749 | Lair:2   | Noticed Amaemon
 14763 | Lair:2   | Killed Amaemon
 15289 | Lair:3   | Found a staircase to the Snake Pit.
 15415 | Lair:3   | Reached skill level 20 in Dodging
 15431 | Lair:3   | Found a staircase to the Swamp.
 15710 | Lair:3   | You fall into a shaft and drop 1 floor!
 15880 | Snake:1  | Entered Level 1 of the Snake Pit
 15902 | Lair:4   | Noticed Urug
 15925 | Lair:4   | Killed Urug
 16198 | Lair:4   | Found a staircase to the Slime Pits.
 16221 | Lair:4   | Found a viscous altar of Jiyva.
 16228 | Lair:4   | Found a bloodstained altar of Trog.
 16789 | Lair:5   | Entered Level 5 of the Lair of Beasts
 17169 | Lair:5   | Reached skill level 21 in Dodging
 17217 | Lair:5   | Reached XP level 16. HP: 130/130 MP: 16/16
 17217 | Lair:5   | Reached XP level 17. HP: 137/137 MP: 17/17
 17218 | Lair:5   | Reached XP level 18. HP: 144/144 MP: 18/18
 17918 | Orc:1    | Entered Level 1 of the Orcish Mines
 18361 | Orc:2    | Entered Level 2 of the Orcish Mines
 18366 | Orc:2    | Found a runed translucent gate.
 18367 | Orc:2    | Found a runed translucent gate.
 18368 | Orc:2    | Found a runed translucent gate.
 18369 | Orc:2    | Noticed Squincus's ghost (journeyman HORe)
 18427 | Orc:2    | Noticed Snorg
 18434 | Orc:2    | Killed Snorg
 18588 | Orc:2    | Found a staircase to the Elven Halls.
 18591 | Orc:2    | Noticed Donald
 18603 | Orc:2    | Killed Donald
 18846 | Orc:2    | Reached skill level 22 in Dodging
 18855 | Orc:2    | HP: 5/146 [orc high priest/+1 mace of draining (4)]
 19033 | Orc:2    | Found Wayle's Antique Armour Shoppe.
 19034 | Orc:2    | Found Baifek's Antique Weapon Emporium.
 19036 | Orc:2    | Found Ziluics's General Store.
 19036 | Orc:2    | Found Ryuplot's Jewellery Shoppe.
 19277 | Orc:2    | Killed Squincus's ghost
 19302 | Orc:2    | Identified the ring of Tomorrow {rF++ SInv}
 19362 | Orc:2    | Bought quicksilver dragon scales for 2160 gold pieces
 19638 | D:3      | Fell from the grace of Wu Jian
 19638 | D:3      | Became a worshipper of Cheibriados the Contemplative
 19927 | Snake:1  | Reached skill level 15 in Stealth
 20190 | Snake:1  | Reached * piety under Cheibriados
 20329 | Snake:1  | Found a sparkling altar of Nemelex Xobeh.
 21067 | Snake:2  | Reached ** piety under Cheibriados
 21124 | Snake:2  | Reached skill level 15 in Fighting
 21715 | Snake:2  | Reached *** piety under Cheibriados
 21721 | Snake:2  | Reached skill level 23 in Dodging
 23006 | Snake:3  | Reached **** piety under Cheibriados
 23370 | Snake:3  | Reached XP level 19. HP: 157/157 MP: 19/19
 23963 | Snake:4  | Entered Level 4 of the Snake Pit
 24345 | Snake:4  | Reached ***** piety under Cheibriados
 25310 | Snake:4  | Noticed Vashnia
 25311 | Snake:4  | Reached skill level 24 in Dodging
 25367 | Snake:4  | HP: 5/159 [Vashnia/bolt (18)]
 25609 | Snake:4  | Killed Vashnia
 25679 | Snake:4  | Was forgiven by Wu Jian
 25729 | Snake:4  | Reached ****** piety under Cheibriados
 25894 | Snake:4  | Got a serpentine rune of Zot
 26171 | Swamp:1  | Entered Level 1 of the Swamp
 26605 | Swamp:1  | Identified a scroll of acquirement
 26661 | Swamp:1  | Acquired the ring of Meblum {rPois Will+ Slay+6 Stlth+}
 26746 | Swamp:2  | Identified the +4 spear of Ryugo Ifa {venom, Fly rElec
                  | Dex-3}
 27294 | Swamp:3  | Identified the +9 short sword "Goihyrgh" {elec, *Rage rF+
                  | rCorr SInv}
 27422 | Swamp:3  | Found a runed translucent door.
 27422 | Swamp:3  | Found a shimmering altar of Xom.
 27422 | Swamp:3  | Noticed Cecillian's ghost (adept FoHu)
 27676 | Swamp:3  | Killed Cecillian's ghost
 27677 | Swamp:3  | Reached XP level 20. HP: 156/168 MP: 20/20
 27707 | Swamp:4  | Entered Level 4 of the Swamp
 27813 | Swamp:4  | Reached skill level 25 in Dodging
 28119 | Swamp:4  | Got a decaying rune of Zot
 28716 | D:15     | Killed Huipt's ghost
 28741 | D:15     | Identified the amulet of Sigoatz {Acrobat +Blink Will- MP+9
                  | Int+3}
 28905 | Elf:1    | Entered Level 1 of the Elven Halls
 29184 | Elf:1    | Found Dynable's Assorted Antiques.
 29361 | Elf:1    | Noticed Nikola
 29380 | Elf:1    | Killed Nikola
 29491 | Elf:1    | Identified the +8 sling "Kucvuviov" {flame, Fragile rF+
                  | Dex+5}
 29728 | Elf:1    | Found a runed translucent gate.
 29728 | Elf:1    | Found a runed translucent gate.
 29729 | Elf:1    | Found a runed translucent gate.
 29729 | Elf:1    | Noticed Belucowal's ghost (adept DgFi)
 29923 | Elf:1    | Found a viscous altar of Jiyva.
 29959 | Elf:1    | Killed Belucowal's ghost
 30037 | Elf:2    | Found a frozen archway.
 30062 | IceCv    | Entered an ice cave
 30112 | IceCv    | Found a transporter.
 30119 | IceCv    | Found a transporter.
 30143 | IceCv    | Identified the ring of the Coward {Ice rN+}
 30216 | Elf:2    | Paralysed by an air elemental for 1 turns
 30354 | Elf:2    | Reached skill level 26 in Dodging
 30472 | Elf:2    | Reached XP level 21. HP: 179/179 MP: 21/21
 30559 | Elf:2    | Found Ryigosee's One-of-a-Kind Books.
 30762 | Elf:2    | Found a runed translucent gate.
 30763 | Elf:2    | Found a runed translucent gate.
 30763 | Elf:2    | Found a runed translucent gate.
 30806 | Elf:3    | Entered Level 3 of the Elven Halls
 31131 | Elf:3    | Noticed Onuviolink's ghost (journeyman DEEE)
 31133 | Elf:3    | Found a runed translucent gate.
 31134 | Elf:3    | Found a runed translucent gate.
 31134 | Elf:3    | Noticed Wator's ghost (journeyman OpTm)
 31135 | Elf:3    | Found a runed translucent gate.
 31137 | Elf:3    | Noticed Olleb's ghost (adept GnWn)
 31137 | Elf:3    | Noticed Atlas's ghost (adept DsFE)
 31137 | Elf:3    | Noticed Ziureph's ghost (journeyman TrFi)
 31197 | Elf:3    | Paralysed by an air elemental for 1 turns
 31204 | Elf:3    | Paralysed by an air elemental for 1 turns
 31204 | Abyss:3  | Cast into level 3 of the Abyss (a deep elf sorcerer)
 31273 | Abyss:3  | Found a corrupted altar of Lugonu.
 31478 | Abyss:3  | Noticed a bone dragon
 31480 | Elf:3    | Escaped the Abyss
 31480 | Elf:3    | Paralysed by an air elemental for 1 turns
 31890 | Elf:3    | Identified the +5 great sword of Kahag Mibb {protect, rF+
                  | Str+10 Stlth+}
 31892 | Elf:3    | Identified the ring of the Green Apricot {Wiz rN+ Str+5}
 31925 | Elf:3    | Identified the +3 scale mail of Dowdy the Leaf {Str+6}
 32046 | Elf:3    | Got the Grimoire of the Tainted Bonfire
 32160 | Elf:3    | Got Sif Muna's Vademecum on Hexes and Shifting
 32460 | Elf:3    | Killed Onuviolink's ghost
 32461 | Elf:3    | Reached skill level 27 in Dodging
 32461 | Elf:3    | Killed Wator's ghost
 32464 | Elf:3    | Killed Ziureph's ghost
 32470 | Elf:3    | Killed Atlas's ghost
 32491 | Elf:3    | Killed Olleb's ghost
 32576 | Elf:3    | Identified the +3 falchion of the Gnat {freeze, Will+
                  | Int+2}
 32579 | Elf:3    | Identified the ring of Rugile Litu {rPois Dex+7}
 32581 | Elf:3    | Identified the +6 spear of the Verdant God {flame, MP+9}
 33306 | Vaults:1 | Entered Level 1 of the Vaults
 33367 | Vaults:1 | You fall into a shaft and drop 1 floor!
 33376 | Vaults:2 | Noticed Sojobo
 33407 | Vaults:2 | Killed Sojobo
 33408 | Vaults:2 | Reached XP level 22. HP: 131/192 MP: 22/22
 33551 | Vaults:2 | Found a runed translucent gate.
 33551 | Vaults:2 | Found a runed translucent gate.
 33551 | Vaults:2 | Found an opulent altar of Gozag.
 33552 | Vaults:2 | Found a runed translucent gate.
 33553 | Vaults:2 | Found Letsaxta's Assorted Antiques.
 33553 | Vaults:2 | Noticed Ixoes's ghost (veteran DgFi)
 33601 | Vaults:2 | Killed Ixoes's ghost
 33641 | Vaults:2 | Bought a scroll of enchant weapon for 172 gold pieces
 33641 | Vaults:2 | Bought a potion of heal wounds for 115 gold pieces
 34034 | Vaults:2 | Noticed Asterion
 34073 | Vaults:2 | Killed Asterion
 34313 | Vaults:2 | Found a staircase to the Crypt.
 34408 | Vaults:2 | Identified the +0 ring mail "Wipsariu" {rElec rC+ Regen+
                  | rCorr}
 35197 | Vaults:3 | Identified the +7 arbalest "Alilan" {speed, rPois Stlth+}
 35475 | Vaults:3 | Noticed Aizul
 35482 | Vaults:3 | Killed Aizul
 36268 | Vaults:4 | Found Akunazxof's Armour Shop.
 36296 | Vaults:4 | Found a crumbling gateway.
 36303 | Vaults:4 | Noticed Boris
 36307 | Desolati | Entered the Desolation of Salt
 36372 | Desolati | Identified the +6 sling of Durable Judgement {heavy, rF-
                  | Will+ rCorr}
 36378 | Desolati | Identified the +8 plate armour of the Cuttlefish {rElec
                  | rF+}
 36387 | Desolati | Identified the ring "Ekorho" {EV+5 Str+3 Dex+4 Slay+2}
 36447 | Desolati | Reached XP level 23. HP: 202/203 MP: 23/23
 36503 | Desolati | Identified the ring "Anaxtyzu" {rPois Str+9 Int+4 Dex+6}
 36516 | Desolati | Identified the +1 halberd of the Voracious God {venom,
                  | Str+7}
 36520 | Desolati | Got Romniuph's Grimoire of Wounds
 36524 | Desolati | Got the Incunable of Calescent Transfiguration
 36705 | Desolati | Got the Quarto of the Shapeshifter and Open Graves
 36722 | Desolati | Identified the ring of Tudghysua {rF+ MP+9 Dex+2}
 37068 | Vaults:4 | Killed Boris
 37083 | Vaults:4 | Found Qifa's Assorted Antiques.
 37108 | Vaults:4 | Bought the +2 hat of the Bear Spirit {Spirit, *Rage Will++}
                  | for 1221 gold pieces
 37108 | Vaults:4 | Found the +2 hat of the Bear Spirit {Spirit, *Rage Will++}
 38413 | Vaults:5 | Entered Level 5 of the Vaults
 38424 | Vaults:5 | Noticed a golden dragon
 38453 | Vaults:5 | Killed a golden dragon
 38532 | Vaults:5 | Noticed Saint Roka
 38554 | Vaults:5 | Noticed a dread lich
 38577 | Vaults:4 | Killed a dread lich
 38783 | Vaults:1 | Reached XP level 24. HP: 217/217 MP: 23/23
 38861 | Vaults:1 | Found a transporter.
 38863 | Vaults:1 | Found a transporter.
 38868 | Vaults:1 | Found a bloodstained altar of Trog.
 38878 | Vaults:1 | Noticed Ruyty's ghost (adept DsGl)
 39927 | Vaults:1 | Killed Ruyty's ghost
 39931 | Vaults:1 | Identified the +0 pair of boots of Hybboveure {Drain rPois
                  | Regen+ Dex+3}
 40122 | Depths:1 | Entered Level 1 of the Depths
 40421 | Depths:1 | Found Komar's CLEARANCE SALE!.
 40427 | Depths:1 | Bought 2 potions of curing for 24 gold pieces
 40427 | Depths:1 | Bought a potion of heal wounds for 20 gold pieces
 40759 | Depths:2 | Found a one-way gate leading to the halls of Pandemonium.
 40937 | Depths:2 | You fall into a shaft and drop 1 floor!
 41234 | Depths:2 | Identified the +4 giant club "Kiemm" {protect, rPois}
 41234 | Depths:2 | Identified the +10 giant club "Fexaap" {vamp, rElec rPois
                  | Str+4 Stlth+}
 41243 | Depths:2 | Noticed the Enchantress
 41270 | Depths:2 | Killed the Enchantress
 41509 | Depths:2 | Found Otant's Assorted Antiques.
 41558 | Depths:2 | Bought a scroll of enchant weapon for 345 gold pieces
 41558 | Depths:2 | Bought a scroll of teleportation for 138 gold pieces
 41609 | Depths:2 | Found a gateway to Hell.
 41691 | Depths:2 | Found a one-way gateway to a ziggurat.
 42032 | Depths:2 | Identified the +2 leather armour "Ponkukhlyatz" {Str+5}
 42038 | Depths:2 | Reached XP level 25. HP: 229/229 MP: 23/23
 42333 | Depths:2 | Learned a level 9 spell: Fire Storm
 42339 | Depths:2 | Learned a level 5 spell: Fireball
 42618 | Depths:3 | Killed from afar by a fire giant

Illustrated notes

Levels and vault maps discovered:
D:1:      dpeg_cavernosity, layout_rooms, shapermc_ecumenical_altar_rom_forum,
          serial_shops, shop
D:2:      layout_loops_ring, basic_altar, uniq_jessica, uniq_robin, uniq_sigmund
D:3:      layout_rooms, nemelex_spade_bored_becter,
          mainiacjoe_overflow_catwalk_spiral, slow_altar_1, serial_shops,
          nicolae_shop_hallway_plus, minmay_misc_feat_pillars
D:4:      layout_cave_pools, grunt_decor_cap, grunt_decor_fettered,
          uniq_blork_the_orc
D:5:      layout_layer_cave, minmay_temple_entry_purple_smoke
D:6:      layout_loops_corners, uniq_grinder
D:7:      layout_cave_pods, mainiacjoe_overflow_six_doors_small, enter_ossuary_3
D:8:      layout_basic, chequers_serial_rivers_micro_e, minmay_puff,
          uniq_gastronok, uniq_maggie, uniq_pikel
D:9:      layout_cave_pools
D:10:     layout_loops_cross, nicolae_overflow_hidden_temple,
          due_lair_maze_entry_diamond, enter_bailey_5, serial_bayou,
          serial_bayou_shore_a, serial_bayou_pond_e, serial_bayou_pond_d,
          serial_bayou_lake_a
D:11:     cheibrodos_barr_body, layout_loops_ring, orc_0_dummy, serial_bayou,
          serial_bayou_ford_a, serial_bayou_crossing, serial_bayou_pond_d,
          serial_bayou_pond_a, serial_bayou_shore_b,
          lemuel_zombie_altar_yredelemnul
D:12:     layout_roguey [special_room_orc], gammafunk_ghost_necromancy,
          minivault_25_ag, hex_large
D:13:     layout_gridville, nicolae_trove_entry_free_sample,
          kennysheep_vampire_church, uniq_kirke
D:14:     layout_roguey [special_room_mythical_zoo], grunt_vaults_entry_tiered,
          ebering_ghost_reflecting_pool, fountainhead,
          nrook_guardian_serpent_double, uniq_frances, uniq_agnes
D:15:     hangedman_depths_entry_civil_slaughter, layout_rooms,
          gammafunk_ghost_icy, fedhas_altar_1, minmay_misc_feat_diagonals
Lair:1:   layout_cellular_growth
Lair:2:   layout_misc_corridors, st_stairs_4, uniq_amaemon
Lair:3:   layout_gridlike, swamp_mist, minmay_snake_entry_six_corridors,
          minivault_27
Lair:4:   wad_woods_stonehenge, layout_cave_pods,
          nicolae_slime_entry_field_trip, uniq_urug
Lair:5:   minmay_lair_end_enchanted_forest, layout_hall_layers, serial_rivers,
          chequers_serial_rivers_large_a, chequers_serial_rivers_micro_a,
          chequers_serial_rivers_small_b, chequers_serial_rivers_large_b
Swamp:1:  layout_falls_marsh, nicolae_swamp_well_well_well
Swamp:2:  layout_falls_marsh, nicolae_swamp_long_stream
Swamp:3:  layout_basic_swamp, ebering_ghost_xom,
          nicolae_swamp_feature_on_the_river_bank, infiniplex_staircase_pool_2
Swamp:4:  swamp_alternative, layout_basic_swamp
Snake:1:  layout_grid_shapes, basic_altar
Snake:2:  layout_basic, serial_bayou_shore_b, nicolae_triple_integral
Snake:3:  layout_layer_cave, nicolae_snake_flat_spine, lemuel_fruit_tree
Snake:4:  johnstein_snake_rune_scales, layout_chambers,
          hangedman_snake_corridor_cut
Orc:1:    layout_caves
Orc:2:    st_orc_congregation, layout_diamond_mine, gammafunk_ghost_split,
          special_room, nicolae_orc_stony_grotto, abandoned_shop, uniq_snorg,
          uniq_donald
Elf:1:    layout_loops_corners, gammafunk_ghost_ooze, serial_shops, shop,
          hangedman_corner_corridor, uniq_nikola
Elf:2:    nicolae_elf_blades_crystal_corner, layout_geoelf_diagonals,
          portal_ice_cave_entry_ice_simulacra,
          nicolae_elf_glass_and_crystal_pillar_1, drop_trap, nicolae_rare_books
Elf:3:    minmay_elf_hall_not_hex, layout_gridlike, gammafunk_ghost_cemetery
Vaults:1: gammafunk_ghost_wrathful_warriors, nicolae_vaults_asterisk,
          vaults_mumra_lcd, vaults_dpeg_doors, v_misc_33, vaults_room_hallway,
          ontoclasm_vaults_eye, nicolae_vaults_little_squares_4,
          nicolae_vaults_network_star, vaults_standard_mumra_x,
          vaults_room_corners, vaults_mumra_minichess, layout_vaults_omnibox
Vaults:2: ebering_ghost_gozag, minmay_crypt_entry_simple_plaza, v_misc_33,
          nicolae_vaults_network_quinsquares
          [nicolae_vaults_network_quincunx_subvault,
          nicolae_vaults_network_quincunx_subvault,
          nicolae_vaults_network_quincunx_subvault,
          nicolae_vaults_network_quincunx_subvault], nicolae_vaults_triangles,
          nicolae_vaults_big_angled_halls, nicolae_vaults_little_squares_6,
          nicolae_vaults_little_squares_2, vaults_room_corners,
          layout_vaults_ring, uniq_asterion, uniq_sojobo
Vaults:3: v_misc_3, nicolae_vaults_big_angled_halls,
          nicolae_vaults_angled_halls, nicolae_vaults_little_ls,
          dpeg_vaults_monster_box, special_room_vaults [special_room_orc],
          nicolae_vaults_little_squares_4, vaults_room_stairs_pillars,
          nicolae_vaults_three_branches, layout_vaults_chaotic_city, uniq_aizul
Vaults:4: portal_desolation_entry_nicolae_nacl, vaults_standard_mumra_lines,
          v_misc_24, vaults_room_ringed_pool, vaults_room_fours,
          nicolae_vaults_network_s, hangedman_vaults_stagger,
          nicolae_vaults_little_squares_3, nicolae_vaults_ninety_degrees,
          nicolae_vaults_rhombus_5, nicolae_vaults_alarming, v_misc_8,
          nicolae_vaults_little_squares_4, vaults_dpeg_spiral,
          layout_vaults_quadrants, serial_shops, shop_coins, shop_fountains,
          uniq_boris
Vaults:5: uniq_saint_roka
Depths:1: layout_basic, hell_entry, hangedman_decor_opposing,
          grunt_pan_entry_in_and_out, st_stairs_8,
          hangedman_decor_diamond_cutter, corexii_corridor_pit,
          nicolae_shop_clearance
Depths:2: grunt_forest_end_chambers, layout_gridlike, enter_ziggurat_a,
          grunt_hell_entry_dis_mu, rand_demon_pan_entry_4,
          minmay_misc_feat_square, nicolae_inconvenience_store,
          serial_bayou_shore_b
Depths:3: grunt_x_marks_the_spot, layout_honeycomb, abyss_entry,
          nicolae_vehumet_radiance, hell_entry, drop_trap,
          minmay_staircase_bubble

Skill      XL: |  1  2  3  4  5  6  7  8  9 10 11 12 13 14 15 16 17 18 19 20 21 22 23 24 25 |
---------------+----------------------------------------------------------------------------+-----
Long Blades    | 4 5 6 7 8 10 11 13 15 16 18 19 20 21 22 23 24 25 26 | 26.1
Fighting       | 4 5 6 7 8 9 10 11 12 13 15 17 18 20 22 24 25 26 | 26.2
Dodging        | 5 6 7 9 11 12 14 16 17 19 21 23 24 26 27 | 27.0
Stealth        | 3 4 5 7 8 9 10 11 13 14 15 16 17 18 20 21 22 | 22.7

Action                   |  1- 3 |  4- 6 |  7- 9 | 10-12 | 13-15 | 16-18 | 19-21 | 22-24 | 25-27 || total
-------------------------+-------+-------+-------+-------+-------+-------+-------+-------+-------++-------
Melee: Falchion          |    67 |       |       |       |       |       |       |       |       ||    67
       Short sword       |    15 |     5 |       |       |       |       |       |       |       ||    20
       Punch             |     2 |     2 |       |       |       |       |       |       |       ||     4
       Long sword        |       |   110 |       |       |       |       |       |       |       ||   110
       Great sword       |       |     6 |   228 |   540 |  1072 |   836 |  1312 |  1407 |   115 ||  5516
       Tailslap          |       |       |       |     6 |     4 |       |    23 |       |     1 ||    34
Throw: Throwing net      |       |       |     2 |       |       |       |       |     2 |       ||     4
Invok: Lunge             |     2 |    15 |    16 |    31 |    14 |     3 |       |       |       ||    81
       Whirlwind         |       |       |     1 |    18 |    43 |    66 |       |       |       ||   128
       Serpent's Lash    |       |       |       |     1 |     4 |     3 |       |       |       ||     8
       Heavenly Storm    |       |       |       |       |     4 |     1 |       |       |       ||     5
 Abil: Wall Jump         |       |       |       |     4 |     2 |     2 |       |       |       ||     8
Evoke: Wand              |       |       |       |       |     4 |       |       |       |       ||     4
  Use: Scroll            |       |       |    15 |    12 |    12 |     4 |    10 |    11 |     6 ||    70
       Potion            |       |       |     2 |     2 |     2 |    12 |     4 |     4 |       ||    26
 Stab: Sleeping          |     1 |    11 |    28 |    17 |    21 |    22 |    46 |    61 |       ||   207
       Distracted        |       |     1 |     1 |     1 |     6 |     3 |    13 |     6 |       ||    31
       Held in net/web   |       |       |     1 |       |       |       |       |       |       ||     1
       Invisible         |       |       |       |       |       |     4 |       |       |       ||     4
       Fleeing           |       |       |       |       |       |     1 |       |       |       ||     1
       Confused          |       |       |       |       |       |       |     2 |       |       ||     2
Armor: Robe              |    27 |    31 |   119 |   146 |       |       |       |       |       ||   323
       Troll leather arm |       |       |       |    49 |   507 |   133 |   185 |   215 |    20 ||  1109
Dodge: Dodged            |    72 |   100 |   301 |   770 |  1880 |  1026 |  2113 |  3579 |   288 || 10129
Block: Other             |       |       |       |       |    47 |   200 |   294 |   529 |    49 ||  1119
       Reflection        |       |       |       |       |       |    10 |    15 |    15 |       ||    40

Table legend: (Time is in decaauts)
 A = Elapsed time spent in this place.
 B = Non-inter-level travel time spent in this place.
 C = Inter-level travel time spent in this place.
 D = Time resting spent in this place.
 E = Time spent auto-exploring this place.
 F = Levels seen in this place.
 G = Mean time per level.
                   A        B        C        D        E       F      G
               +--------+--------+--------+--------+--------+-----+--------+
         Total |  55735 |  50892 |   4843 |   2112 |  36105 |  46 | 1211.6 |
       Dungeon |  14232 |  12304 |   1928 |    323 |   8767 |  15 |  948.8 |
          Lair |   4528 |   3928 |    600 |     66 |   2936 |   5 |  905.6 |
         Swamp |   3527 |   3257 |    270 |     66 |   2349 |   4 |  881.8 |
     Snake Pit |   8776 |   8445 |    331 |    554 |   6307 |   4 | 2194.0 |
  Orcish Mines |   1672 |   1366 |    306 |      0 |    936 |   2 |  836.0 |
   Elven Halls |   6409 |   5890 |    519 |    260 |   4219 |   3 | 2136.3 |
        Vaults |   9874 |   9144 |    730 |    421 |   6491 |   5 | 1974.8 |
        Depths |   4140 |   3985 |    155 |    314 |   2607 |   3 | 1380.0 |
         Abyss |    331 |    331 |      0 |    108 |     68 |   1 |  331.0 |
       Ossuary |    591 |    591 |      0 |      0 |    428 |   1 |  591.0 |
        Bailey |    225 |    225 |      0 |      0 |    116 |   1 |  225.0 |
      Ice Cave |    153 |    153 |      0 |      0 |     38 |   1 |  153.0 |
    Desolation |   1270 |   1270 |      0 |      0 |    840 |   1 | 1270.0 |
               +--------+--------+--------+--------+--------+-----+--------+

Top non-repeatable levels by time:
 Snake:4: 3087 daAuts
Vaults:4: 3003 daAuts
Depths:2: 2893 daAuts
   Elf:3: 2380 daAuts
Vaults:3: 2367 daAuts
 Snake:2: 2337 daAuts
Vaults:2: 2217 daAuts
Vaults:1: 2209 daAuts
   Elf:1: 2158 daAuts
 Snake:3: 1994 daAuts
   Elf:2: 1870 daAuts
    D:14: 1498 daAuts
 Snake:1: 1357 daAuts
Desolation: 1270 daAuts
    D:11: 1240 daAuts
